 Dungeon Crawl Stone Soup version 0.21.1-1-g345015fe64 (webtiles) character file.

611348 Oravi the Cutthroat (level 27, -13/204 HPs)
             Began as a Halfling Fighter on Mar 29, 2018.
             Was a High Priest of Okawaru.
             Killed from afar by a quicksilver dragon (20 damage)
             ... with a bolt of dispelling energy
             ... on level 5 of the Depths on Apr 5, 2018.
             The game lasted 14:58:10 (88839 turns).

Oravi the Cutthroat (Halfling Fighter)             Turns: 88839, Time: 14:58:11

Health: -13/204    AC: 25    Str: 35    XL:     27
Magic:  0/39       EV: 36    Int: 10    God:    Okawaru [*****.]
Gold:   1178       SH: 24    Dex: 31    Spells: 26/26 levels left

rFire    + + +     SeeInvis .   d - +9 rapier (pierce)
rCold    + + .     Gourm    .   Z - +3 shield {rC+}
rNeg     + + +     Faith    .   M - quicksilver dragon scales
rPois    +         Spirit   +   F - +2 helmet "Durrimoa" {*Contam rF+ rN++ rCorr}
rElec    .         Reflect  .   t - +0 cloak of Xirudour {rPois rC- rN+}
rCorr    +         Harm     .   Q - +2 pair of gloves of the Vacuum {MP+9 Int+4 Dex+2}
MR       +++++     NoTele   +   z - +1 pair of boots of the Ant {-Tele rF+++ rC+ Dex+2}
Stlth    +++++++...             E - amulet of Mistrust {Spirit rF+ rC+ MR+ Dex+4}
HPRegen  0.44/turn              A - ring "Roebb" {+Fly MR+ Str+3 Dex+4}
MPRegen  0.26/turn              J - ring "Zyuxzinai" {rCorr Str+4 Slay+2 Stlth+}

@: mighty, berserk cooldown, hasted and slowed
A: small, clumsy 1, mutation resistance 1
}: 3/15 runes: decaying, serpentine, silver
a: Heroism, Finesse, Renounce Religion, Evoke Flight


You were on level 5 of the Depths.
You worshipped Okawaru.
Okawaru was extremely pleased with you.
You were not hungry.

You visited 11 branches of the dungeon, and saw 48 of its levels.
You visited the Abyss 2 times.
You also visited: Trove and Bailey.

You collected 7805 gold pieces.
You spent 6627 gold pieces at shops.

Inventory:

Hand Weapons
 a - the +12 dagger of Dikikupu {flame, Stlth+}
   (Okawaru gifted it to you on level 14 of the Dungeon)

   It has been specially enchanted to burn those struck by it, causing extra
   injury to most foes and up to half again as much damage against particularly
   susceptible opponents.
   It makes you more stealthy.
 b - the +3 sling "Punk" {acid, rCorr}
   (You found it on level 2 of the Lair of Beasts)

   It protects you from acid and corrosion.
 c - the +7 short sword of Turmoil {venom, rElec rPois rF+ Int-3}
   (Okawaru gifted it to you on level 5 of the Vaults)

   It poisons the flesh of those it strikes.
   It affects your intelligence (-3).
   It protects you from fire.
   It insulates you from electricity.
   It protects you from poison.
 d - a +9 rapier of piercing (weapon)
Missiles
 g - 1129 stones (quivered)
 q - 445 sling bullets
Armour
 e - a +2 cloak
 r - a +0 cloak of poison resistance
 t - the +0 cloak of Xirudour (worn) {rPois rC- rN+}
   (You bought it in a shop on level 2 of the Orcish Mines)

   It makes you vulnerable to cold.
   It protects you from poison.
   It protects you from negative energy.
 z - the +1 pair of boots of the Ant (worn) {-Tele rF+++ rC+ Dex+2}
   (Okawaru gifted it to you on level 5 of the Vaults)

   It affects your dexterity (+2).
   It renders you almost immune to fire.
   It protects you from cold.
   It prevents most forms of teleportation.
 B - a +2 pair of boots of running
 F - the +2 helmet "Durrimoa" (worn) {*Contam rF+ rN++ rCorr}
   (You found it on level 3 of the Swamp)

   It protects you from fire.
   It greatly protects you from negative energy.
   It causes magical contamination when unequipped.
   It protects you from acid and corrosion.
 M - quicksilver dragon scales (worn)
 Q - the +2 pair of gloves of the Vacuum (worn) {MP+9 Int+4 Dex+2}
   (You found it on level 3 of the Elven Halls)

   It affects your intelligence (+4).
   It affects your dexterity (+2).
   It affects your magic capacity (+9).
 R - a +1 pair of gloves of strength
 Z - a +3 shield of cold resistance (worn)
Jewellery
 k - the ring of Gluttony {+Blink rF+ rC- rN+ Dex+3}
   (You found it in a treasure trove)

   [ring of dexterity]

   It affects your dexterity (+3).
   It protects you from fire.
   It makes you vulnerable to cold.
   It protects you from negative energy.
   It lets you blink.
 l - the ring "Qitofuoq" {MR+ Int+2}
   (You found it in a treasure trove)

   [ring of intelligence]

   It affects your intelligence (+2).
   It affects your resistance to hostile enchantments.
 n - the ring "Hupruurink" {rPois Int-4 Dex+2 SInv}
   (You found it in a treasure trove)

   [ring of dexterity]

   It affects your intelligence (-4).
   It affects your dexterity (+2).
   It protects you from poison.
   It lets you see invisible.
 s - the ring of Tanekifo {MP-9 AC+5 Dex+5}
   (You found it in a treasure trove)

   [ring of protection]

   It affects your AC (+5).
   It affects your dexterity (+5).
   It affects your magic capacity (-9).
 w - a +4 amulet of reflection
 A - the ring "Roebb" (left hand) {+Fly MR+ Str+3 Dex+4}
   (You found it in a treasure trove)

   [ring of flight]

   It affects your strength (+3).
   It affects your dexterity (+4).
   It affects your resistance to hostile enchantments.
   It lets you fly.
 C - the ring of Lamevifo {rPois rF+ rC++}
   (You took it off an ironheart preserver on level 5 of the Vaults)

   [ring of poison resistance]

   It protects you from fire.
   It greatly protects you from cold.
   It protects you from poison.
 E - the amulet of Mistrust (around neck) {Spirit rF+ rC+ MR+ Dex+4}
   (You found it in a treasure trove)

   [amulet of guardian spirit]

   It causes incoming damage to be split between your health and magic.
   It affects your dexterity (+4).
   It protects you from fire.
   It protects you from cold.
   It affects your resistance to hostile enchantments.
 J - the ring "Zyuxzinai" (right hand) {rCorr Str+4 Slay+2 Stlth+}
   (You bought it in a shop on level 4 of the Dungeon)

   [ring of resist corrosion]

   It affects your strength (+4).
   It affects your accuracy and damage with ranged weapons and melee attacks
   (+2).
   It makes you more stealthy.
 L - the amulet "Woph" {Spirit *Corrode rF+ Str+5}
   (You found it in a treasure trove)

   [amulet of guardian spirit]

   It causes incoming damage to be split between your health and magic.
   It affects your strength (+5).
   It protects you from fire.
   It may corrode you when you take damage.
 P - the amulet of the Marlin {rN+ MR+ Regen+}
   (You found it in a treasure trove)

   [amulet of regeneration]

   It protects you from negative energy.
   It affects your resistance to hostile enchantments.
   It increases your rate of regeneration.
 X - an uncursed amulet of rage
Wands
 u - a wand of digging (5)
 D - a wand of iceblast (51)
 K - a wand of scattershot (6)
Scrolls
 h - 28 scrolls of identify
 j - 2 scrolls of fog
 p - 5 scrolls of blinking
 x - a scroll of holy word
 G - 11 scrolls of teleportation
 H - a scroll of magic mapping
 I - 28 scrolls of remove curse
 T - a scroll of brand weapon
 V - a scroll of fear
Potions
 i - a potion of agility
 m - 2 potions of haste
 v - 3 potions of invisibility
 N - 5 potions of curing
 O - 9 potions of flight
 U - 4 potions of cancellation
 W - 2 potions of resistance
Comestibles
 f - 48 rations


   Skills:
 + Level 20.9 Fighting
 - Level 25.3 Short Blades
 - Level 23.8 Slings
 + Level 12.8 Armour
 * Level 18.9 Dodging
 * Level 15.1 Stealth
 - Level 22.5 Shields
 - Level 10.0 Invocations


You had 26 spell levels left.
You didn't know any spells.

Dungeon Overview and Level Annotations

Branches:
Dungeon (15/15)            Temple (1/1) D:6            Lair (6/6) D:9
  Swamp (4/4) Lair:3        Snake (4/4) Lair:2        Slime (2/5) Lair:5
    Orc (2/2) D:10            Elf (3/3) Orc:2        Vaults (5/5) D:14
  Crypt (0/3) Vaults:2     Depths (5/5) D:15            Zot (1/5) Depths:5

Altars:
Ashenzari
Cheibriados
Dithmenos
Elyvilon
Fedhas
Gozag
Hepliaklqana
Kikubaaqudgha
Makhleb
Nemelex Xobeh
Okawaru
Qazlal
Ru
Sif Muna
Trog
Uskayaw
Vehumet
Wu Jian
Xom
Yredelemnul
Zin
The Shining One
Beogh
Lugonu

Shops:
D:4 =   D:8 %   D:10 }   D:13 ??*   D:15 :   Orc:2 ([[}   Elf:3 }=}
Vaults:1 (   Depths:4 ([=*

Portals:
Hell: Depths:1 Depths:2 Depths:3 Depths:4 Depths:5
Abyss: Depths:4*
Pandemonium: Depths:2 Depths:3
Ziggurat: Depths:5


Innate Abilities, Weirdness & Mutations

You are small and have problems with some larger weapons.
You are somewhat resistant to further mutation.
You are clumsy. (Dex -2)


Message History

The bolt of lightning hits the storm dragon.
The storm dragon completely resists.
The bolt of lightning hits you!
* * * LOW HITPOINT WARNING * * *
The bolt of lightning hits the storm dragon.
The storm dragon completely resists.
You block the quicksilver dragon's attack.
The quicksilver dragon completely misses you.
The storm dragon looks more energetic.
You block the moth of wrath's attack.
The storm dragon breathes lightning at you.
The bolt of lightning misses you. The quicksilver dragon bites you.
* * * LOW HITPOINT WARNING * * *
The quicksilver dragon claws you but does no damage.
The storm dragon misses you. You block the storm dragon's attack.
The storm dragon completely misses you.
The moth of wrath completely misses you.
You feel better.
The quicksilver dragon breathes dispelling energy at you.
The bolt of dispelling energy hits you!
Your magical effects are unravelling.
You die...

.......'...# ##.# ##..# #......
.......###.# #.# #...# #######
.......# #.#####.#####.##########
##########.##.......##...........
.........)?#.###.###.############
##########.#.###'###.# #
#####.##...##.##### # ######
#......'yDD).).))(######## (....#
#.###.##D@.##)###([[..<.(. ####.#
#.#.#.###'###(# ##########
####'###...#.###.###(# #.......
.......###.##.......## #.......
.......###.#####.##### #...≈≈≈≈
...[..['.#.# #.# #.# #...≈###
.......#.#.#####.###.# #...≈#
.......#.....((......# #...≈#
.......#......######.#####...≈###


You could see 2 storm dragons, a quicksilver dragon and a moth of wrath.

Vanquished Creatures
  A juggernaut (Depths:3)
  2 ancient liches
  Sojobo (Depths:2)
  Bai Suzhen (Snake:3)
  Xtahua (Depths:5)
  Vashnia (Snake:3)
  A caustic shrike (Depths:3)
  4 golden dragons
  A bone dragon (Swamp:4)
  Rupert (Lair:3)
  3 large abominations
  4 liches
  8 tentacled monstrosities
  A titan (Vaults:5)
  2 quicksilver dragons
  A deep elf master archer (Elf:3)
  2 deep elf blademasters
  5 sphinxes
  Frances (Snake:2)
  An acid blob (Lair:5)
  A thorn hunter (Swamp:4)
  9 storm dragons
  Gastronok (Lair:3)
  3 tentacled starspawn (Abyss:3)
  Kirke (Snake:2)
  8 tengu reavers
  9 shadow dragons
  12 nagarajas
  18 fire giants
  5 deep elf sorcerers
  Louise (Snake:4)
  10 frost giants
  A cacodemon (Depths:3)
  15 vault wardens
  A draconian scorcher (Depths:5)
  An orc warlord (Elf:2)
  An angel (D:10)
  The ghost of jlero the Bludgeoner, a journeyman MiFi of Okawaru (Lair:6)
  2 balrugs
  A draconian stormcaller (Depths:5)
  A ghoul (Vaults:2)
  6 deep elf elementalists
  16 ironheart preservers
  39 very ugly things
  11 stone giants
  7 war gargoyles
  A juggernaut skeleton (Depths:3)
  A spriggan defender (Depths:3)
  The ghost of Savaroth the Severer, a journeyman MiBe of Trog (Lair:1)
  3 vampire knights
  A black draconian (Depths:5)
  2 entropy weavers
  A starcursed mass (Abyss:3)
  A red draconian (Depths:5)
  3 deep elf demonologists
  4 green draconians
  2 white draconians (Depths:5)
  A yellow draconian (Depths:5)
  2 spark wasps (Depths:5)
  9 deep elf annihilators
  A purple draconian (Depths:5)
  Snorg (Orc:1)
  11 fire dragons
  5 deep elf death magi
  4 jiangshi
  A great orb of eyes (shapeshifter) (Vaults:5)
  Josephine (D:11)
  13 ettins
  15 yaktaur captains
  Harold (Orc:1)
  11 great orbs of eyes
  7 deep elf high priests
  2 spriggan air magi
  18 naga warriors
  48 vault guards
  8 rakshasas
  15 ice dragons
  7 centaur warriors
  12 hydras
  2 death knights
  7 ghost crabs
  17 ogre magi
  51 two-headed ogres
  12 anacondas
  4 catoblepae (Lair:6)
  29 dancing weapons
  5 alligators
  8 death yaks (Lair:6)
  6 tengu warriors
  17 deep troll shamans
  6 shock serpents
  7 orc high priests
  7 spriggan berserkers
  5 sun demons
  2 vampire magi
  11 deep troll earth magi
  16 naga sharpshooters
  Nergalle (Orc:1)
  18 deep elf knights
  2 wretched stars (Abyss:3)
  2 salamander mystics
  7 hell knights
  6 skeletal warriors
  8 iron trolls
  22 deep trolls
  A shadow wraith (Vaults:5)
  94 slime creatures
  2 unseen horrors (shapeshifter)
  7 sea snakes
  A golden dragon zombie (Vaults:5)
  2 unseen horrors
  9 spriggan druids
  2 shambling mangroves
  A tengu zombie (Vaults:5)
  10 deep elf archers
  4 spectral hydras (Swamp:4)
  2 glowing orange brains
  A wolf spider zombie (Abyss:3)
  9 naga ritualists
  13 harpies
  2 wizards
  3 swamp dragons
  A lindwurm (Lair:2)
  4 phantasmal warriors
  A golden dragon skeleton (Depths:3)
  27 orc knights
  17 ironbrand convokers
  6 necromancers
  66 deep elf magi
  73 ugly things
  A stone giant zombie (Vaults:4)
  5 orc sorcerers
  4 wolf spiders
  10 mana vipers
  A shining eye (Lair:5)
  3 manticores
  A wolf spider (shapeshifter) (Depths:4)
  8 cyclopes
  9 salamanders
  2 fire giant zombies
  2 salamanders (shapeshifter)
  A rust devil (Abyss:3)
  2 fauns (shapeshifter) (Vaults:4)
  11 elephants (Lair:6)
  A moth of wrath (shapeshifter) (D:15)
  3 black mambas (shapeshifter)
  8 guardian serpents
  An elf zombie (Depths:3)
  An eye of devastation (Slime:1)
  Joseph (D:8)
  3 elephants (shapeshifter)
  16 vault sentinels
  3 apocalypse crabs (Swamp:1)
  Maurice (D:8)
  2 smoke demons (Abyss:3)
  12 naga magi
  46 black mambas
  3 centaur skeletons
  A human zombie (Vaults:5)
  An orange demon (Depths:3)
  3 gargoyles
  4 freezing wraiths
  17 spiny frogs
  A rime drake (Lair:6)
  2 swamp worm zombies (Swamp:4)
  9 komodo dragons
  A komodo dragon (shapeshifter) (Depths:3)
  4 kobold demonologists
  4 tengu conjurers (Depths:1)
  The ghost of Oravi the Slicer, a novice HaFi (D:5)
  A human skeleton (Vaults:5)
  2 guardian mummies (Depths:5)
  3 ice devils
  2 efreet
  37 yaktaurs
  An ancient zyme (Abyss:3)
  A hellwing (Depths:3)
  2 hydra zombies (Swamp:4)
  2 red devils (Abyss:3)
  A troll (shapeshifter) (Vaults:1)
  A meliai (shapeshifter) (D:14)
  4 trolls
  26 hornets
  A queen bee (D:8)
  4 polar bears
  A polar bear (shapeshifter) (Depths:1)
  8 tyrant leeches
  5 raiju (Abyss:3)
  A tengu simulacrum (Vaults:3)
  14 bog bodies
  5 alligator zombies (Swamp:4)
  2 spectral swamp dragons (Swamp:4)
  6 dream sheep
  20 blink frogs
  9 hippogriffs
  4 human simulacra
  3 shadows
  4 air elementals
  7 water elementals
  Sigmund (D:6)
  3 redbacks
  A yak (shapeshifter) (Vaults:4)
  8 wraiths
  2 ynoxinuls (Abyss:3)
  3 redbacks (shapeshifter)
  16 spriggans
  A spriggan (shapeshifter) (D:14)
  A tarantella (Vaults:4)
  2 vampires (D:14)
  The ghost of Savaroth the Chopper, an amateur MiBe of Trog (D:4)
  6 wyverns
  76 yaks
  A basilisk (D:15)
  A tarantella (shapeshifter) (Elf:1)
  Grum (D:8)
  2 chaos spawn
  A fire elemental (Elf:1)
  2 hogs (Snake:2)
  3 golden eyes (Slime:1)
  A basilisk (shapeshifter) (Vaults:2)
  4 neqoxecs (Abyss:3)
  34 vampire mosquitoes
  2 hungry ghosts
  19 insubstantial wisps
  14 wargs
  An acid dragon (shapeshifter) (Depths:2)
  A soldier ant (D:12)
  20 swamp worms
  54 nagas
  A soldier ant (shapeshifter) (Vaults:3)
  2 floating eyes
  4 acid dragons
  A floating eye (shapeshifter) (Depths:3)
  9 porcupines
  15 water moccasins
  4 sky beasts
  5 small abominations
  4 swamp dragon zombies (Swamp:4)
  Purgy (D:3)
  A black bear (shapeshifter) (D:15)
  3 ice beasts
  10 swamp drakes
  4 phantoms
  62 orc warriors
  An eye of draining (Slime:1)
  A hornet zombie (D:6)
  A black bear (D:8)
  3 wolves (D:8)
  4 necrophages
  16 boggarts
  41 ogres
  An ettin simulacrum (Vaults:4)
  15 centaurs
  20 crocodiles
  2 big kobolds
  15 bullfrogs
  2 earth elementals (Elf:2)
  A wyvern zombie (D:12)
  A deep troll simulacrum (Vaults:3)
  2 wyvern skeletons
  5 scorpions
  41 killer bees
  8 wights
  5 electric eels
  4 howler monkeys
  7 jellies
  13 crimson imps
  2 quasits
  4 centaur zombies
  2 bullfrog skeletons
  6 hounds
  46 orc priests
  2 iron imps (Abyss:3)
  33 orc wizards
  Ijyb (D:3)
  Terence (D:3)
  3 iguanas
  4 hell rats (Lair:6)
  8 worker ants
  A killer bee zombie (D:8)
  2 hound zombies (D:5)
  A hound skeleton (D:10)
  Robin (D:1)
  20 gnolls
  2 swamp drake zombies (Swamp:4)
  19 adders
  5 river rats (Lair:6)
  9 shadow imps
  3 white imps
  An ooze (Lair:5)
  2 adder zombies
  2 worms
  9 leopard geckos
  146 orcs
  2 giant cockroaches
  22 goblins
  22 hobgoblins
  15 jackals
  35 kobolds
  2 quokkas
  A ball python skeleton (D:5)
  12 bats
  8 frilled lizards
  A jackal skeleton (D:6)
  10 rats
  2 crawling corpses (Vaults:5)
  A fungus (Lair:6)
  2 plants (Snake:3)
  5 starspawn tentacles (Abyss:3)
2550 creatures vanquished.

Vanquished Creatures (others)
  A deep elf master archer (Elf:3)
  A nagaraja (Snake:4)
  A vault warden (Vaults:3)
  7 stone giants
  4 yaktaur captains
  5 centaur warriors
  3 deep elf knights
  5 deep elf archers
  3 salamanders (Snake:3)
  A black mamba (Snake:2)
  11 yaktaurs
  A human (Snake:2)
  A neqoxec (Depths:2)
  A swamp drake (Swamp:4)
  4 centaurs
  An orc wizard (Vaults:2)
  2 orcs
  19 fungi
  62 plants
  4 starspawn tentacles (Abyss:3)
137 creatures vanquished.

Grand Total: 2687 creatures vanquished

Notes
Turn   | Place    | Note
-------+----------+-------------------------------------------
     0 | D:1      | Oravi the Halfling Fighter began the quest for the Orb.
     0 | D:1      | Reached XP level 1. HP: 15/15 MP: 1/1
   169 | D:1      | Reached skill level 3 in Short Blades
   259 | D:1      | Reached XP level 2. HP: 20/20 MP: 2/2
   459 | D:1      | Reached skill level 4 in Short Blades
   459 | D:1      | Reached XP level 3. HP: 22/25 MP: 3/3
  1168 | D:2      | Reached skill level 5 in Short Blades
  1168 | D:2      | Reached XP level 4. HP: 24/30 MP: 4/4
  1178 | D:2      | Noticed Robin
  1233 | D:1      | Killed Robin
  1652 | D:2      | Reached XP level 5. HP: 29/35 MP: 5/5
  1829 | D:2      | Reached skill level 6 in Short Blades
  1954 | D:3      | Noticed Purgy
  2146 | D:3      | Noticed an ogre
  2160 | D:3      | Killed Purgy
  2160 | D:3      | Reached skill level 7 in Short Blades
  2160 | D:3      | Reached XP level 6. HP: 21/41 MP: 6/6
  2165 | D:3      | Killed an ogre
  2165 | D:3      | Reached skill level 8 in Short Blades
  2394 | D:3      | Noticed Terence
  2419 | D:3      | Killed Terence
  2423 | D:3      | Reached XP level 7. HP: 39/45 MP: 7/7
  2562 | D:3      | Noticed Ijyb
  2579 | D:3      | Killed Ijyb
  2714 | D:4      | Noticed Savaroth's ghost (amateur MiBe)
  2754 | D:4      | Reached skill level 9 in Short Blades
  2843 | D:4      | Found an ancient bone altar of Kikubaaqudgha.
  3091 | D:4      | Found Tuso Dyg's Jewellery Boutique.
  3114 | D:4      | Found a bloodstained altar of Trog.
  3350 | D:4      | Got a clouded lapis lazuli ring
  3352 | D:4      | Identified the cursed ring "Susapig" {rElec rN+ MR+ Str-2} (You found it on level 4 of the Dungeon)
  3450 | D:5      | Entered Level 5 of the Dungeon
  3562 | D:5      | Reached skill level 10 in Short Blades
  3593 | D:5      | Reached XP level 8. HP: 51/51 MP: 8/8
  3686 | D:5      | Got a brightly glowing chain mail
  3964 | D:5      | Reached skill level 11 in Short Blades
  4278 | D:5      | Found a blossoming altar of Fedhas.
  4279 | D:5      | Noticed Oravi's ghost (novice HaFi)
  4750 | D:6      | Reached skill level 1 in Dodging
  4785 | D:5      | Reached XP level 9. HP: 20/55 MP: 9/9
  5267 | D:6      | Reached skill level 5 in Shields
  5452 | D:6      | Reached skill level 12 in Short Blades
  5617 | D:6      | Found a staircase to the Ecumenical Temple.
  5699 | D:6      | Noticed Sigmund
  5732 | D:7      | Reached skill level 5 in Armour
  6362 | D:7      | Reached XP level 10. HP: 61/61 MP: 10/10
  6630 | Temple   | Entered the Ecumenical Temple
  7456 | D:7      | Found an opulent altar of Gozag.
  7460 | D:7      | Found a hide-covered altar of Uskayaw.
  7460 | D:7      | Found a sacrificial altar of Ru.
  7662 | D:8      | Noticed a two-headed ogre
  7762 | D:8      | Noticed Joseph
  7793 | D:7      | HP: 3/61 [something (2)]
  7804 | D:7      | HP: 1/61 [something (8)]
  7807 | D:7      | Killed an unseen horror
  7807 | D:7      | Reached skill level 5 in Dodging
  8214 | D:7      | Killed a two-headed ogre
  8475 | D:8      | Found a snail-covered altar of Cheibriados.
  8532 | D:8      | Noticed Maurice
  8556 | D:8      | Killed Maurice
  8638 | D:8      | Reached XP level 11. HP: 59/66 MP: 11/11
  9095 | D:8      | Killed Joseph
  9156 | D:8      | Noticed Grum
  9206 | D:8      | Killed Grum
  9206 | D:8      | Reached skill level 10 in Shields
  9548 | D:8      | Found an iron altar of Okawaru.
  9557 | D:8      | Became a worshipper of Warmaster Okawaru
  9801 | D:8      | Found Fumosh's Food Boutique.
 10090 | D:6      | Killed Sigmund
 10146 | D:6      | Found a deep blue altar of Sif Muna.
 10441 | D:4      | Killed Savaroth's ghost
 10502 | D:5      | Killed Oravi's ghost
 10656 | D:8      | Found Fumosh's Food Boutique.
 10802 | D:9      | Noticed a two-headed ogre
 10829 | D:9      | Killed a two-headed ogre
 10829 | D:9      | Reached * piety under Okawaru
 10853 | D:9      | Killed an unseen horror
 11117 | D:9      | Found a staircase to the Lair.
 11316 | D:9      | Found a glowing silver altar of Zin.
 11388 | D:9      | Reached skill level 13 in Short Blades
 11505 | D:9      | Reached ** piety under Okawaru
 11557 | D:9      | Found a shadowy altar of Dithmenos.
 11704 | D:10     | Entered Level 10 of the Dungeon
 11972 | D:10     | Found Tiucer's Gadget Shoppe.
 12041 | D:10     | Found a glowing silver altar of Zin.
 12042 | D:10     | Found a runed door.
 12042 | D:10     | Noticed an angel
 12069 | D:10     | Reached XP level 12. HP: 74/74 MP: 12/12
 12616 | D:10     | Found a staircase to the Orcish Mines.
 12922 | D:10     | Noticed a two-headed ogre
 12923 | D:10     | Noticed a two-headed ogre
 12937 | D:10     | Killed a two-headed ogre
 12937 | D:10     | Reached *** piety under Okawaru
 12963 | D:10     | Killed a two-headed ogre
 13434 | D:10     | Reached **** piety under Okawaru
 13434 | D:10     | Reached skill level 14 in Short Blades
 13459 | D:10     | Reached skill level 1 in Invocations
 13632 | D:11     | Reached skill level 5 in Fighting
 14038 | D:11     | Noticed Josephine
 14065 | D:11     | Killed Josephine
 14193 | D:11     | Noticed a skeletal warrior
 14197 | D:11     | Noticed a death knight
 14254 | D:11     | Killed a skeletal warrior
 14254 | D:11     | Reached ***** piety under Okawaru
 14283 | D:11     | Reached XP level 13. HP: 81/83 MP: 12/15
 14316 | D:11     | Received a gift from Okawaru
 14753 | D:12     | Noticed a centaur warrior
 14769 | D:12     | Killed a centaur warrior
 14862 | D:12     | Reached skill level 5 in Invocations
 15271 | D:12     | Found a blossoming altar of Fedhas.
 15778 | D:12     | Identified the cursed +1 chain mail of the Stag {rElec rN+ MR+ MP-9} (You found it on level 5 of the Dungeon)
 16252 | D:13     | Found a corrupted altar of Lugonu.
 16318 | D:13     | Found Zoiras's General Store.
 16328 | D:13     | Found Hetzueps's Magic Scroll Emporium.
 16407 | D:13     | Noticed a centaur warrior
 16421 | D:13     | Killed a centaur warrior
 16421 | D:13     | Received a gift from Okawaru
 16815 | D:13     | Found Qatistreicu's Magic Scroll Shop.
 16819 | D:13     | Bought a scroll of enchant weapon for 90 gold pieces
 16819 | D:13     | Bought a scroll of enchant weapon for 90 gold pieces
 17086 | D:13     | Bought a scroll of enchant weapon for 105 gold pieces
 17112 | D:14     | Reached XP level 14. HP: 91/92 MP: 18/18
 17329 | D:14     | Found a flagged portal.
 17370 | Bailey   | Entered a bailey
 17844 | D:14     | Received a gift from Okawaru
 17870 | D:14     | Reached skill level 10 in Dodging
 18031 | D:14     | Got a translucent dagger {god gift}
 18032 | D:14     | Identified the +12 dagger of Dikikupu {flame, Stlth+} (Okawaru gifted it to you on level 14 of the Dungeon)
 18228 | D:14     | Found a gate to the Vaults.
 18395 | D:14     | Received a gift from Okawaru
 18398 | D:14     | Got a distressingly furry hat {god gift}
 18409 | D:14     | Identified the +2 hat of Syndicalism {Dex+3} (Okawaru gifted it to you on level 14 of the Dungeon)
 19148 | Lair:1   | Entered Level 1 of the Lair of Beasts
 19148 | Lair:1   | Noticed Savaroth's ghost (journeyman MiBe)
 19212 | Lair:1   | Killed Savaroth's ghost
 19251 | Lair:1   | Found a labyrinth entrance.
 19999 | Lair:2   | Reached skill level 15 in Shields
 20383 | Lair:2   | Found a staircase to the Snake Pit.
 20503 | Lair:2   | Reached skill level 1 in Slings
 20903 | Lair:2   | Reached XP level 15. HP: 70/100 MP: 21/21
 20915 | Lair:2   | Received a gift from Okawaru
 20937 | Lair:2   | Found the +3 sling "Punk" {acid, rCorr}
 21324 | Lair:2   | Reached skill level 5 in Slings
 21324 | Lair:2   | Reached XP level 16. HP: 108/108 MP: 22/22
 21325 | Lair:2   | Reached skill level 10 in Armour
 21325 | Lair:2   | Reached XP level 17. HP: 112/112 MP: 23/23
 21780 | Lair:3   | Noticed Gastronok
 21784 | Lair:3   | Noticed Rupert
 21810 | Lair:3   | Killed Rupert
 21820 | Lair:3   | Killed Gastronok
 22674 | Lair:3   | Found a staircase to the Swamp.
 23810 | Lair:5   | Found a staircase to the Slime Pits.
 24748 | Lair:5   | Received a gift from Okawaru
 25054 | Lair:6   | Entered Level 6 of the Lair of Beasts
 25350 | Lair:6   | Reached skill level 10 in Slings
 26119 | Lair:6   | Noticed jlero's ghost (journeyman MiFi)
 26202 | Lair:6   | Killed jlero's ghost
 26260 | Lair:6   | Reached skill level 10 in Fighting
 26331 | Lair:6   | Reached skill level 10 in Invocations
 26568 | Lair:6   | Received a gift from Okawaru
 27322 | Lair:6   | Reached XP level 18. HP: 120/120 MP: 25/25
 27376 | Lair:6   | Received a gift from Okawaru
 28684 | Orc:1    | Entered Level 1 of the Orcish Mines
 28742 | Orc:1    | Found a roughly hewn altar of Beogh.
 28746 | Orc:1    | Received a gift from Okawaru
 28951 | Orc:2    | Entered Level 2 of the Orcish Mines
 29169 | Orc:2    | Found a staircase to the Elven Halls.
 29433 | Orc:2    | Received a gift from Okawaru
 29475 | Orc:2    | Got a faintly glowing hunting sling {god gift}
 29476 | Orc:2    | Identified the +1 hunting sling of Discretion {speed, Stlth+} (Okawaru gifted it to you on level 2 of the Orcish Mines)
 30043 | Orc:2    | Found Baefid's Gadget Emporium.
 30043 | Orc:2    | Found Ymaluim's Antique Armour Emporium.
 30044 | Orc:2    | Found Mikluq's Antique Armour Shoppe.
 30044 | Orc:2    | Found Ajerist's Weapon Emporium.
 30057 | Orc:2    | Bought a fine cloak for 285 gold pieces
 30067 | Orc:2    | Identified the +0 cloak of Xirudour {rPois rC- rN+} (You bought it in a shop on level 2 of the Orcish Mines)
 30552 | Orc:1    | Noticed Nergalle
 30552 | Orc:1    | Noticed Snorg
 30568 | Orc:1    | Killed Nergalle
 30581 | Orc:1    | Killed Snorg
 30762 | Orc:1    | Noticed Harold
 30782 | Orc:1    | Killed Harold
 31185 | D:4      | Bought the ring "Zyuxzinai" {rCorr Str+4 Slay+2 Stlth+} for 652 gold pieces
 31213 | D:4      | Found a burning altar of Makhleb.
 31213 | D:4      | Found a shimmering altar of Xom.
 31739 | Snake:1  | Entered Level 1 of the Snake Pit
 31750 | Snake:1  | Received a gift from Okawaru
 31919 | Swamp:1  | Entered Level 1 of the Swamp
 32511 | Swamp:1  | Found a runed door.
 32968 | Swamp:1  | Paralysed by you for 5 turns
 33009 | Swamp:1  | Reached skill level 15 in Short Blades
 33585 | Swamp:2  | Received a gift from Okawaru
 34029 | Swamp:3  | Received a gift from Okawaru
 34570 | Swamp:3  | Got a pair of fine gloves {god gift}
 34581 | Swamp:3  | Identified the -3 pair of gloves "Laubre" {rF+} (Okawaru gifted it to you on level 3 of the Swamp)
 35428 | Swamp:3  | Reached XP level 19. HP: 110/129 MP: 23/26
 35736 | Swamp:3  | Got a faintly glowing helmet
 35747 | Swamp:3  | Identified the +2 helmet "Durrimoa" {*Contam rF+ rN++ rCorr} (You found it on level 3 of the Swamp)
 35781 | Swamp:3  | Identified the Volume of Quantum Feathers
 35920 | Swamp:4  | Entered Level 4 of the Swamp
 36813 | Swamp:4  | Reached skill level 15 in Slings
 36823 | Swamp:4  | Received a gift from Okawaru
 37174 | Swamp:4  | Received a gift from Okawaru
 37640 | Swamp:4  | Received a gift from Okawaru
 37865 | Swamp:4  | Noticed a bone dragon
 37893 | Swamp:4  | Killed a bone dragon
 37893 | Swamp:4  | Received a gift from Okawaru
 37902 | Swamp:4  | Received a gift from Okawaru
 37995 | Swamp:4  | Received a gift from Okawaru
 38314 | Swamp:4  | Got a decaying rune of Zot
 38763 | D:15     | Entered Level 15 of the Dungeon
 39231 | D:15     | Found Zeba's Book Boutique.
 39545 | D:15     | Found a staircase to the Depths.
 40821 | Snake:1  | Reached XP level 20. HP: 138/138 MP: 27/27
 41363 | D:15     | Bought a manual of Shields for 1656 gold pieces
 41612 | Snake:2  | Received a gift from Okawaru
 41612 | Snake:2  | Reached skill level 1 in Stealth
 41856 | Snake:2  | Noticed Kirke
 41877 | Snake:2  | Killed Kirke
 42316 | Snake:2  | Noticed Frances
 42327 | Snake:2  | Killed Frances
 43216 | Snake:2  | Received a gift from Okawaru
 44506 | Snake:3  | Reached skill level 5 in Stealth
 44509 | Snake:3  | Received a gift from Okawaru
 45089 | Snake:3  | Received a gift from Okawaru
 45109 | Snake:3  | Noticed Bai Suzhen
 45119 | Snake:3  | Killed Bai Suzhen
 45290 | Snake:3  | Noticed Vashnia
 45315 | Snake:3  | Killed Vashnia
 45569 | Snake:3  | Reached XP level 21. HP: 128/146 MP: 28/28
 46020 | Snake:4  | Entered Level 4 of the Snake Pit
 46164 | Snake:4  | Reached skill level 16 in Short Blades
 46360 | Snake:4  | Noticed Louise
 46374 | Snake:4  | Killed Louise
 46597 | Snake:4  | Reached ****** piety under Okawaru
 46719 | Snake:4  | Received a gift from Okawaru
 46798 | Snake:4  | Received a gift from Okawaru
 47669 | Snake:4  | Received a gift from Okawaru
 47872 | Snake:4  | Received a gift from Okawaru
 48282 | Snake:4  | Got a serpentine rune of Zot
 48377 | Snake:4  | Got a dazzling helmet
 48378 | Snake:4  | Identified the +1 helmet of the Neverending Deaths {Dex+4} (You found it on level 4 of the Snake Pit)
 48765 | Elf:1    | Entered Level 1 of the Elven Halls
 48795 | Elf:1    | Received a gift from Okawaru
 50549 | Elf:2    | Received a gift from Okawaru
 50640 | Elf:2    | Reached XP level 22. HP: 154/154 MP: 29/29
 50778 | Elf:2    | Got a translucent dagger
 50781 | Elf:2    | Identified the +8 dagger of Borukk {flame, Str+3 Stlth+} (You found it on level 2 of the Elven Halls)
 50930 | Elf:2    | Found a runed gate.
 50936 | Elf:2    | Found a runed gate.
 50936 | Elf:2    | Found a runed gate.
 51704 | Elf:2    | Reached skill level 10 in Stealth
 51799 | Elf:2    | Received a gift from Okawaru
 51931 | Elf:2    | Received a gift from Okawaru
 51958 | Elf:2    | Got an ichor-stained robe {god gift}
 51969 | Elf:2    | Identified the +1 robe of Kleptomania {rElec Dex+4} (Okawaru gifted it to you on level 2 of the Elven Halls)
 52563 | Elf:3    | Entered Level 3 of the Elven Halls
 52620 | Elf:3    | Found Kaythot's Gadget Shoppe.
 52620 | Elf:3    | Found Koewenei's Jewellery Shop.
 52621 | Elf:3    | Found Puecu's Gadget Shoppe.
 53228 | Elf:3    | Reached skill level 15 in Fighting
 54047 | Elf:3    | Identified the Catalogue of Ghastly Fire
 54565 | Elf:3    | Found the +8 longbow "Zephyr" {speed, Dex+3 SInv}
 54608 | Elf:3    | Got a pair of shimmering gloves
 54619 | Elf:3    | Identified the +2 pair of gloves of the Vacuum {MP+9 Int+4 Dex+2} (You found it on level 3 of the Elven Halls)
 54993 | Slime:1  | Entered Level 1 of the Pits of Slime
 55001 | Lair:5   | Received a gift from Okawaru
 55001 | Lair:5   | Reached XP level 23. HP: 154/162 MP: 30/30
 55506 | Slime:1  | Received a gift from Okawaru
 56328 | D:15     | Bought a manual of Short Blades for 1656 gold pieces
 56387 | Vaults:1 | Entered Level 1 of the Vaults
 56773 | Vaults:1 | Received a gift from Okawaru
 56959 | Vaults:1 | Paralysed by a great orb of eyes for 3 turns
 57317 | Vaults:1 | Found Xaufedgh's Antique Weapon Boutique.
 57536 | Vaults:1 | Identified a scroll of acquirement
 57751 | Vaults:1 | Got a twitching amber ring
 57753 | Vaults:1 | Identified the ring of the Prince of Darkness {Wiz rElec Int+9} (You found it on level 1 of the Vaults)
 58977 | Vaults:2 | Reached skill level 17 in Short Blades
 60046 | Vaults:2 | Received a gift from Okawaru
 60139 | Vaults:2 | Cast into level 3 of the Abyss (a deep elf sorcerer)
 60294 | Abyss:3  | Gained mutation: You are clumsy. (Dex -2) [a neqoxec]
 60456 | Abyss:3  | Noticed an ancient lich
 60466 | Abyss:3  | Killed an ancient lich
 60466 | Abyss:3  | Reached skill level 18 in Short Blades
 60481 | Abyss:3  | Received a gift from Okawaru
 60492 | Vaults:2 | Escaped the Abyss
 60532 | Vaults:2 | Reached XP level 24. HP: 135/171 MP: 30/30
 61470 | Vaults:2 | Received a gift from Okawaru
 61540 | Vaults:2 | Found a staircase to the Crypt.
 63017 | Vaults:3 | Received a gift from Okawaru
 63204 | Vaults:3 | Received a gift from Okawaru
 64832 | Vaults:3 | Reached skill level 19 in Short Blades
 65034 | Vaults:3 | Paralysed by a great orb of eyes for 7 turns
 65711 | Vaults:3 | Paralysed by a great orb of eyes for 6 turns
 66325 | D:13     | Bought a scroll of teleportation for 36 gold pieces
 66325 | D:13     | Bought a scroll of blinking for 90 gold pieces
 66325 | D:13     | Bought a scroll of teleportation for 36 gold pieces
 66590 | Vaults:3 | Reached skill level 20 in Short Blades
 67013 | Vaults:3 | Reached skill level 21 in Short Blades
 67252 | Vaults:3 | Reached XP level 25. HP: 156/180 MP: 30/30
 67617 | Vaults:4 | Received a gift from Okawaru
 67857 | Vaults:4 | Reached skill level 22 in Short Blades
 68290 | Vaults:4 | Received a gift from Okawaru
 68416 | Vaults:4 | Received a gift from Okawaru
 68777 | Vaults:4 | Received a gift from Okawaru
 68945 | Vaults:4 | Reached skill level 23 in Short Blades
 70014 | Vaults:5 | Entered Level 5 of the Vaults
 70335 | Vaults:4 | Received a gift from Okawaru
 70394 | Vaults:5 | Noticed an ancient lich
 70442 | Vaults:4 | Received a gift from Okawaru
 70528 | Vaults:5 | Reached skill level 24 in Short Blades
 70579 | Vaults:5 | Received a gift from Okawaru
 70682 | Vaults:5 | Killed an ancient lich
 70682 | Vaults:5 | Reached XP level 26. HP: 72/186 MP: 30/30
 70709 | Vaults:5 | Received a gift from Okawaru
 71255 | Vaults:5 | Received a gift from Okawaru
 71256 | Vaults:5 | Got a scorched short sword {god gift}
 71257 | Vaults:5 | Identified the +7 short sword of Turmoil {venom, rElec rPois rF+ Int-3} (Okawaru gifted it to you on level 5 of the Vaults)
 71477 | Vaults:5 | Got a silver rune of Zot
 71483 | Vaults:5 | Got a coiled brass ring
 71490 | Vaults:5 | Identified the ring "Ydeent" {Int+6 SInv} (You found it on level 5 of the Vaults)
 71498 | Vaults:5 | Got a twitching iron ring
 71501 | Vaults:5 | Identified the ring "Qeovy" {rCorr rElec Str+2 Dex-2 SInv} (You found it on level 5 of the Vaults)
 71625 | Vaults:5 | Reached skill level 25 in Short Blades
 71713 | Vaults:5 | Received a gift from Okawaru
 71857 | Vaults:5 | Cast into level 3 of the Abyss (a deep elf sorcerer)
 72035 | Vaults:5 | Escaped the Abyss
 72237 | Depths:1 | Entered Level 1 of the Depths
 72369 | Depths:1 | Found a runed door.
 72369 | Depths:1 | Found a blossoming altar of Fedhas.
 72405 | Depths:1 | Found a runed door.
 72421 | Depths:1 | Found a runed door.
 73089 | Depths:1 | Found a runed door.
 73437 | Depths:1 | Reached XP level 27. HP: 165/192 MP: 30/30
 73497 | Depths:1 | Reached skill level 15 in Dodging
 74221 | Depths:1 | Received a gift from Okawaru
 74224 | Depths:1 | Got polished steam dragon scales {god gift}
 74235 | Depths:1 | Identified the +0 steam dragon scales of the Arcane {MR+ Int-2 Stlth+} (Okawaru gifted it to you on level 1 of the Depths)
 74255 | Depths:1 | Found a gateway to Hell.
 74520 | Depths:1 | Found a runed door.
 74601 | Depths:1 | Got a pitted granite ring
 75554 | Depths:2 | Found a one-way gate leading to the halls of Pandemonium.
 75717 | Depths:2 | Identified the ring of Suuh {Str-3 Int+8 SInv} (You took it off a yaktaur captain on level 1 of the Depths)
 75930 | Depths:2 | Noticed Sojobo
 75978 | Depths:2 | Killed Sojobo
 77269 | Depths:2 | Found a sparkling altar of Nemelex Xobeh.
 78232 | Depths:3 | Noticed a juggernaut
 78287 | Depths:3 | Killed a juggernaut
 78287 | Depths:3 | Received a gift from Okawaru
 78583 | Depths:3 | Received a gift from Okawaru
 78908 | Depths:3 | Received a gift from Okawaru
 78922 | Depths:3 | Identified a +2 pair of boots of running (Okawaru gifted it to you on level 3 of the Depths)
 78944 | Depths:3 | Found a shattered altar of Ashenzari.
 81173 | Depths:4 | Found Ablokave's Jewellery Emporium.
 81173 | Depths:4 | Found Soiqor's Armour Shoppe.
 81176 | Depths:4 | Found Zeupimu's Assorted Antiques.
 81178 | Depths:4 | Found Efroh Jirra's Weapon Shoppe.
 81211 | Depths:4 | Bought a scroll of enchant weapon for 307 gold pieces
 81211 | Depths:4 | Bought a scroll of enchant weapon for 307 gold pieces
 81254 | Depths:4 | Found a one-way gate to the infinite horrors of the Abyss.
 81497 | Depths:4 | Found a corrupted altar of Lugonu.
 82122 | Depths:5 | Entered Level 5 of the Depths
 82234 | Depths:5 | Found a gate to the Realm of Zot.
 82372 | Depths:5 | Received a gift from Okawaru
 82839 | Depths:5 | Received a gift from Okawaru
 83144 | Depths:5 | Found a portal to a secret trove of treasure.
 83234 | Depths:5 | Paralysed by a floating eye for 4 turns
 83298 | Depths:5 | Found a gateway to a ziggurat.
 83565 | Depths:5 | Noticed Xtahua
 83608 | Depths:5 | Killed Xtahua
 83821 | Depths:5 | Received a gift from Okawaru
 84380 | D:4      | Bought a +6 ring of evasion for 1092 gold pieces
 84818 | Depths:5 | You paid a toll of a +6 ring of evasion to enter a treasure trove
 84819 | Trove    | Entered a treasure trove
 84834 | Trove    | Got a scorched steel ring
 84836 | Trove    | Got a scorched bone ring
 84838 | Trove    | Got a heavily runed silver ring
 84840 | Trove    | Got a warped copper ring
 84843 | Trove    | Got a coiled steel ring
 84847 | Trove    | Got a faintly glowing tin ring
 84851 | Trove    | Got a crude ivory amulet
 84853 | Trove    | Got a flickering bone amulet
 84855 | Trove    | Got a wavering ruby amulet
 84902 | Depths:5 | Identified the ring of Gluttony {+Blink rF+ rC- rN+ Dex+3} (You found it in a treasure trove)
 84904 | Depths:5 | Identified the ring "Qitofuoq" {MR+ Int+2} (You found it in a treasure trove)
 84908 | Depths:5 | Identified the ring "Hupruurink" {rPois Int-4 Dex+2 SInv} (You found it in a treasure trove)
 84910 | Depths:5 | Identified the ring "Jinamn" {Wiz rF+} (You found it in a treasure trove)
 84912 | Depths:5 | Identified the ring of Tanekifo {MP-9 AC+5 Dex+5} (You found it in a treasure trove)
 84916 | Depths:5 | Identified the ring "Roebb" {+Fly MR+ Str+3 Dex+4} (You found it in a treasure trove)
 84918 | Depths:5 | Identified the amulet of Mistrust {Spirit rF+ rC+ MR+ Dex+4} (You found it in a treasure trove)
 84919 | Depths:5 | Identified the amulet "Woph" {Spirit *Corrode rF+ Str+5} (You found it in a treasure trove)
 84920 | Depths:5 | Identified the amulet of the Marlin {rN+ MR+ Regen+} (You found it in a treasure trove)
 85737 | Vaults:4 | Received a gift from Okawaru
 86019 | Vaults:5 | Received a gift from Okawaru
 86020 | Vaults:5 | Got a pair of faintly glowing boots {god gift}
 86140 | Vaults:5 | Identified the +1 pair of boots of the Ant {-Tele rF+++ rC+ Dex+2} (Okawaru gifted it to you on level 5 of the Vaults)
 86340 | Vaults:5 | Got a bound bronze ring
 86586 | Vaults:5 | Reached skill level 15 in Stealth
 87085 | Vaults:5 | Identified a +2 pair of boots of running (You found it on level 5 of the Vaults)
 87404 | Vaults:5 | Identified the Almanac of the Rocks
 87436 | Vaults:5 | Identified the ring of Lamevifo {rPois rF+ rC++} (You took it off an ironheart preserver on level 5 of the Vaults)
 87465 | Vaults:5 | Got a pitted ring mail
 87476 | Vaults:5 | Identified the +0 ring mail of Rybruats {rF+ Int+3 Slay+2} (You took it off a deep elf high priest on level 5 of the Vaults)
 88394 | Orc:2    | Bought a pair of embroidered gloves for 225 gold pieces
 88790 | Zot:1    | Entered Level 1 of the Realm of Zot
 88834 | Depths:5 | HP: 8/204 [moth of wrath (11)]
 88838 | Depths:5 | HP: 1/204 [quicksilver dragon (4)]
 88839 | Depths:5 | Killed from afar by a quicksilver dragon

Skill      XL: |  1  2  3  4  5  6  7  8  9 10 11 12 13 14 15 16 17 18 19 20 21 22 23 24 25 26 27 |
---------------+----------------------------------------------------------------------------------+-----
Short Blades   | 3 4 5 7 8 10 11 12 13 14 15 16 18 21 24 25 | 25.3
Dodging        | 1 3 6 7 8 9 10 11 12 13 14 18 | 18.9
Shields        | 4 6 9 11 12 13 15 16 17 18 19 21 22 | 22.5
Armour         | 5 7 8 9 10 11 12 | 12.8
Fighting       | 3 5 7 8 9 10 11 12 13 14 15 16 17 20 | 20.9
Invocations    | 3 6 8 10 | 10.0
Slings         | 3 5 7 11 14 15 16 17 19 20 21 23 | 23.8
Stealth        | 6 9 10 11 15 | 15.1

Action                   |  1- 3 |  4- 6 |  7- 9 | 10-12 | 13-15 | 16-18 | 19-21 | 22-24 | 25-27 || total
-------------------------+-------+-------+-------+-------+-------+-------+-------+-------+-------++-------
Melee: Rapier            |   126 |   176 |   173 |   961 |  1065 |  1022 |   933 |     1 |   263 ||  4720
       Dagger            |       |       |   468 |   434 |   172 |       |       |  1218 |   378 ||  2670
       Short sword       |       |       |    18 |    13 |    77 |       |       |       |   616 ||   724
 Fire: Hunting sling     |       |     1 |     1 |       |    59 |   471 |       |       |       ||   532
       Fustibalus        |       |       |       |       |       |   524 |  1170 |  1409 |  2540 ||  5643
Throw: Stone             |       |       |       |       |       |       |     7 |     1 |     9 ||    17
Invok: Heroism           |       |       |       |     6 |    17 |    25 |    21 |    36 |    44 ||   149
       Finesse           |       |       |       |       |    10 |     6 |     7 |    14 |    15 ||    52
Evoke: Wand              |       |       |     1 |       |       |       |     2 |     1 |     7 ||    11
  Use: Scroll            |       |     2 |    12 |     6 |    12 |     3 |     5 |    16 |    22 ||    78
       Potion            |       |     2 |     7 |     4 |     3 |     2 |    13 |     8 |    22 ||    61
 Stab: Sleeping          |       |       |       |       |       |       |       |     8 |    11 ||    19
  Eat: Chunk             |     1 |     4 |     8 |    21 |    21 |    29 |    17 |    18 |    23 ||   142
       Ration            |       |       |     1 |     2 |     1 |     4 |     9 |     9 |    12 ||    38
Armor: Scale mail        |    28 |    42 |       |       |       |       |       |       |       ||    70
       Ring mail         |    11 |    31 |   117 |   215 |   100 |   117 |   104 |    39 |   101 ||   835
       Skin              |       |       |     8 |    18 |       |       |       |       |       ||    26
       Acid dragon scale |       |       |       |       |       |       |     1 |    31 |       ||    32
       Quicksilver drago |       |       |       |       |       |       |       |       |   111 ||   111
Dodge: Dodged            |    40 |    61 |   157 |   450 |   357 |   428 |   499 |   430 |   874 ||  3296
Block: Shield            |    67 |   118 |   228 |   625 |   574 |   601 |   948 |   866 |  1616 ||  5643
       Reflection        |       |       |       |       |       |       |   104 |   110 |   105 ||   319
